 Dungeon Crawl Stone Soup version 0.30-a0-879-ga8ba668304 (webtiles) character file.

Game seed: 6228586819806583843

1049 gelatine the Stinger (level 8, -11/57 HPs)
             Began as a Demonspawn Venom Mage on Mar 12, 2023.
             Was an Initiate of Sif Muna.
             Killed from afar by a white imp (12 damage)
             ... with a puff of frost
             ... on level 5 of the Dungeon.
             The game lasted 00:19:01 (5848 turns).

gelatine the Stinger (Demonspawn Venom Mage)        Turns: 5848, Time: 00:19:03

Health: -11/57     AC:  3    Str:  8    XL:     8   Next: 5%
Magic:  13/13      EV: 13    Int: 18    God:    Sif Muna [......]
Gold:   159        SH:  0    Dex: 15    Spells: 4/14 levels left

rFire   . . .      SeeInvis .    j - staff of conjuration
rCold   . . .      Faith    .    (no shield)
rNeg    . . .      Spirit   .    a - +0 robe
rPois   .          Reflect  .    (helmet unavailable)
rElec   .          Rampage  .    (no cloak)
rCorr   .                        (no gloves)
Will    .....                    e - +0 pair of boots
Stlth   ++                       (no amulet)
HPRegen 0.29/turn                h - ring of wizardry
MPRegen 0.13/turn                (no ring)

@: weak-willed, slowed, very slow
A: horns 3, powered by pain 2
a: Renounce Religion


You were on level 5 of the Dungeon.
You worshipped Sif Muna.
Sif Muna was noncommittal.
You visited 2 branches of the dungeon, and saw 6 of its levels.

You collected 159 gold pieces.

Inventory:

Hand Weapons
 k - a +0 dagger of flaming
 s - a +2 dagger of speed
 z - a +2 hand axe of freezing
Missiles
 x - 4 boomerangs of dispersal
 C - 2 throwing nets
 F - 3 datura-tipped darts
Armour
 a - a +0 robe (worn)
 c - a +0 buckler
 e - a +0 pair of boots (worn)
 m - an orb of guile
 q - a +0 hat
 y - a scarf of shadows
Magical Staves
 j - a staff of conjuration (weapon)
Jewellery
 h - a ring of wizardry (left hand)
Wands
 t - a wand of flame (22)
Scrolls
 d - a scroll of amnesia
 f - a scroll of vulnerability
 g - 2 scrolls of poison {unknown}
 l - a scroll of torment {unknown}
 n - a scroll of acquirement {unknown}
 r - 2 scrolls of blinking {unknown}
 A - 2 scrolls of fog
 D - a scroll of butterflies {unknown}
 E - a scroll of magic mapping {unknown}
Potions
 b - 2 potions of magic
 i - 2 potions of heal wounds
 o - a potion of curing
 p - a potion of brilliance
 u - 3 potions of flight
 v - a potion of invisibility
 w - 3 potions of lignification
 B - a potion of attraction


   Skills:
 * Level 2.7 Fighting
 + Level 0.3 Short Blades
 + Level 0.8 Axes
 * Level 3.4 Dodging
 + Level 2.5 Stealth
 + Level 3.8 Spellcasting
 + Level 1.6 Conjurations
 + Level 2.7 Transmutations
 + Level 1.6 Air Magic
 * Level 5.6 Poison Magic
 + Level 2.0 Evocations


You had 4 spell levels left.
You knew the following spells:

 Your Spells              Type           Power      Damage    Failure   Level
a - Sting                 Tmut/Pois      72%        1d6       1%          1
b - Poisonous Vapours     Pois/Air       32%        N/A       1%          2
c - Mephitic Cloud        Conj/Pois/Air  21%        N/A       5%          3
d - Olgreb's Toxic Radia  Pois           23%        N/A       6%          4

Your spell library contained the following spells:

 Spells                   Type           Power      Damage    Failure   Level
 Beastly Appendage        Tmut           26%        N/A       1%          1
 Wereblood                Tmut           13%        N/A       3%          2
 Spider Form              Tmut/Pois      18%        N/A       3%          3
 Slow                     Hex            12%        N/A       6%          1
 Confusing Touch          Hex            3%         N/A       17%         3
 Vampiric Draining        Necr           3%         2d6       17%         3


Dungeon Overview and Level Annotations

Branches:
Dungeon (5/15)             Temple (1/1) D:4

Altars:
Ashenzari
Cheibriados
Fedhas
Gozag
Hepliaklqana
Kikubaaqudgha
Makhleb
Nemelex Xobeh
Okawaru
Qazlal
Sif Muna
Trog
Uskayaw
Wu Jian
Yredelemnul


Innate Abilities, Weirdness & Mutations

You have a pair of large horns on your head.
You sometimes gain power by taking damage.


Message History

You closely miss the wraith. The wraith closely misses you.
You barely miss the wraith. The wraith completely misses you.
The wraith misses you.
You hit the wraith. Your headbutt misses the wraith.
The wraith is lightly damaged.
The wraith closely misses you. The wraith hits you.
You hit the wraith but do no damage.
You headbutt the wraith, but do no damage.
The wraith is lightly damaged.
The wraith hits you! The wraith drains your vigour!
You feel as though you will be slow longer.
The wraith hits you. The wraith drains your vigour!
You feel as though you will be slow longer.
You closely miss the wraith. You headbutt the wraith.
The wraith is lightly damaged.
The wraith hits you! The wraith drains your vigour!
You feel as though you will be slow longer.
The wraith hits you!
* * * LOW HITPOINT WARNING * * *
The wraith drains your vigour!
You feel as though you will be slow longer.
The wraith attacks as you move away! The wraith closely misses you.
The wraith hits you but does no damage. The wraith attacks as you move away!
The wraith barely misses you. The wraith hits you.
* * * LOW HITPOINT WARNING * * *
There is a stone staircase leading up here.
As you read the scroll labelled XUAFOCL CAGH, it crumbles to dust.
It is a scroll of amnesia.
Really abort (and waste the scroll)?
Okay, then.
The wraith barely misses you.
As you read the scroll labelled CIKUOPTE LAISCH, it crumbles to dust.
Magic quickly surges around you.
It was a scroll of vulnerability.
The wraith hits you!
* * * LOW HITPOINT WARNING * * *
The white imp barely misses you. The wraith barely misses you.
The white imp gestures at you. The puff of frost hits you!
You die...

#...###.≈.≈.
#.#.....≈.≈.
#...#.#.≈.≈.
##.##... .≈.
###.######.#
##.≈. ≈
........##.###
.....
....###......#
...# #
#5W#>#.# #..
#.@#...# #.
#..##..# .....
....
...#.###..###
#......# ..#
#....#.# ..#
#.####. #. #.


You could see a wraith (weak-willed) and a white imp (weak-willed).

Vanquished Creatures
  Grinder (D:4)
  An ogre (D:4)
  A sky beast (D:4)
  A kobold brigand (D:4)
  A scorpion (D:4)
  A howler monkey (D:4)
  3 hounds (D:4)
  A gnoll bouda (D:4)
  Terence (D:2)
  Natasha (thrice) (D:2)
  A sleepcap (D:4)
  2 iguanas (D:4)
  3 adders (D:3)
  5 gnolls (D:4)
  An ufetubus (D:5)
  4 worms
  6 dart slugs
  An orc (D:4)
  9 ball pythons
  9 endoplasms
  20 giant cockroaches
  7 goblins
  9 hobgoblins
  4 jackals (D:1)
  5 kobolds
  4 quokkas
  6 bats
  4 frilled lizards
  3 rats
117 creatures vanquished.

Vanquished Creatures (others)
  11 plants (D:4)
11 creatures vanquished.

Grand Total: 128 creatures vanquished

Notes
Turn   | Place    | Note
-------+----------+-------------------------------------------
     0 | D:1      | gelatine the Demonspawn Venom Mage began the quest for the
                  | Orb.
     0 | D:1      | Reached XP level 1. HP: 13/13 MP: 3/3
   141 | D:1      | Gained mutation: You have a pair of small horns on your
                  | head. [demonic ancestry]
   141 | D:1      | Reached XP level 2. HP: 16/19 MP: 0/5
   254 | D:1      | Reached skill level 1 in Transmutations
   532 | D:1      | Reached XP level 3. HP: 24/24 MP: 1/6
  1065 | D:2      | Found an ornate altar of the Wu Jian Council.
  1098 | D:2      | Noticed Terence
  1104 | D:2      | Noticed Natasha
  1204 | D:2      | Learned a level 2 spell: Poisonous Vapours
  1208 | D:2      | Learned a level 3 spell: Mephitic Cloud
  1388 | D:2      | Killed Terence
  1389 | D:2      | Gained mutation: You have a pair of horns on your head.
                  | [demonic ancestry]
  1389 | D:2      | Reached XP level 4. HP: 10/31 MP: 0/7
  1660 | D:2      | Reached skill level 1 in Evocations
  1867 | D:2      | Found a faded altar of an unknown god.
  2178 | D:2      | Killed Natasha
  2179 | D:2      | Reached skill level 1 in Fighting
  2179 | D:2      | Reached skill level 4 in Poison Magic
  2179 | D:2      | Gained mutation: You have a pair of large horns on your
                  | head. [demonic ancestry]
  2179 | D:2      | Reached XP level 5. HP: 25/37 MP: 4/9
  2205 | D:2      | Noticed Natasha
  2212 | D:2      | Killed Natasha
  2441 | D:2      | Noticed Natasha
  2446 | D:2      | Killed Natasha
  2557 | D:3      | Reached skill level 1 in Air Magic
  3391 | D:4      | Reached XP level 6. HP: 26/44 MP: 5/10
  3481 | D:4      | Found a burning altar of Makhleb.
  3526 | D:4      | Found a snail-covered altar of Cheibriados.
  3619 | D:4      | HP: 2/44 [gnoll/+0 spear[a gnoll bouda] (8)]
  3804 | D:4      | Noticed a sky beast
  3809 | D:4      | Reached skill level 1 in Conjurations
  3819 | D:4      | Killed a sky beast
  3984 | D:4      | Found a blossoming altar of Fedhas.
  3990 | D:4      | Learned a level 4 spell: Olgreb's Toxic Radiance
  4196 | D:4      | Gained mutation: You sometimes gain a little power by
                  | taking damage. [demonic ancestry]
  4196 | D:4      | Reached XP level 7. HP: 50/50 MP: 0/11
  4399 | D:4      | Reached skill level 5 in Poison Magic
  4626 | D:4      | Noticed Grinder
  4744 | D:4      | Paralysed by Grinder for 4 turns
  4757 | D:4      | Killed Grinder
  5167 | D:4      | Gained mutation: You sometimes gain power by taking damage.
                  | [demonic ancestry]
  5167 | D:4      | Reached XP level 8. HP: 57/57 MP: 7/13
  5288 | D:4      | Found a staircase to the Ecumenical Temple.
  5299 | Temple   | Entered the Ecumenical Temple
  5781 | Temple   | Became a worshipper of Sif Muna the Loreminder
  5810 | D:5      | Entered Level 5 of the Dungeon
  5848 | D:5      | HP: 1/57 [wraith (10)]
  5848 | D:5      | Killed from afar by a white imp

Illustrated notes

Levels and vault maps discovered:
D:1:      lightli_arrival_chessboard, layout_rooms, minmay_misc_feat_tiny,
          minmay_unequal
D:2:      minmay_roachtagon, layout_basic, basic_altar,
          shapermc_ecumenical_altar_pompeii, uniq_terence, uniq_natasha
D:3:      layout_basic
D:4:      layout_loops_corners, lightli_temple_of_fire,
          fedhas_altar_decomposition, mainiacjoe_overflow_cross_hatched,
          minmay_temple_entry_glassed_door, minivault_1, minmay_pentomino_pile,
          uniq_grinder
D:5:      layout_loops_ring, serial_shops, nicolae_inconvenience_store,
          minmay_gold_behind_fungi, st_stairs_9
Temple:   nicolae_temple_two_arcs

Skill      XL: |  1  2  3  4  5  6  7 |
---------------+----------------------+-----
Transmutations | 1 2 |  2.7
Dodging        | 2 3 |  3.4
Evocations     | 1 2 |  2.0
Fighting       | 1 2 |  2.7
Poison Magic   | 4 5 |  5.6
Air Magic      | 1 |  1.6
Conjurations   | 1 |  1.6
Stealth        | 2 |  2.5
Spellcasting   | 3 |  3.8
Short Blades   | |  0.3
Axes           | |  0.8

Action                     |  1- 3 |  4- 6 |  7- 9 || total
---------------------------+-------+-------+-------++-------
  Melee: Unarmed           |    38 |       |       ||    38
         Headbutt          |     7 |    13 |    14 ||    34
         Dagger            |     9 |    38 |       ||    47
         Punch             |       |     1 |       ||     1
         Hand axe          |       |    25 |    15 ||    40
         Staff             |       |       |    30 ||    30
   Cast: Sting             |    76 |    97 |    24 ||   197
         Poisonous Vapours |     1 |     3 |       ||     4
         Mephitic Cloud    |       |     5 |     1 ||     6
         Olgreb's Toxic Ra |       |     3 |    11 ||    14
    Use: Potion            |       |     2 |     1 ||     3
         Scroll            |       |       |     9 ||     9
   Stab: Confused          |       |     2 |       ||     2
 Armour: Robe              |    29 |    16 |    10 ||    55
  Dodge: Dodged            |    74 |    67 |    49 ||   190

Table legend: (Time is in decaauts)
 A = Elapsed time spent in this place.
 B = Non-inter-level travel time spent in this place.
 C = Inter-level travel time spent in this place.
 D = Time resting spent in this place.
 E = Time spent auto-exploring this place.
 F = Levels seen in this place.
 G = Mean time per level.
                   A        B        C        D        E       F      G
               +--------+--------+--------+--------+--------+-----+--------+
         Total |   5873 |   5425 |    448 |      0 |   4344 |   6 |  978.8 |
       Dungeon |   5709 |   5307 |    402 |      0 |   4238 |   5 | 1141.8 |
        Temple |    164 |    118 |     46 |      0 |    106 |   1 |  164.0 |
               +--------+--------+--------+--------+--------+-----+--------+

Top non-repeatable levels by time:
     D:4: 2078 daAuts
     D:2: 1403 daAuts
     D:1: 1092 daAuts
     D:3: 1084 daAuts
  Temple: 164 daAuts
     D:5: 50 daAuts
